 Dungeon Crawl Stone Soup version 0.31-a0-1074-g0b22e4e0f1 (webtiles) character file.

Game seed: 1403670656064237583

95 PoweredByGinger the Shield-Bearer (level 4, -2/29 HPs)
             Began as a Gargoyle Fighter on Dec 5, 2023.
             Slain by a hell rat (4 damage)
             ... in a sewer.
             The game lasted 00:02:24 (2260 turns).

PoweredByGinger the Shield-Bearer (GrFi)            Turns: 2260, Time: 00:02:24

Health: -2/29      AC: 10    Str: 22    XL:     4   Next: 66%
Magic:  4/4        EV:  9    Int:  8    God:
Gold:   100        SH:  4    Dex:  9    Spells: 3/3 levels left

rFire   . . .        a - +0 war axe
rCold   . . .        c - +0 buckler
rNeg    + . .        b - +0 scale mail
rPois   ∞            (no helmet)
rElec   +            e - scarf {shadows}
rCorr   .            (no gloves)
SInv    .            (no boots)
Will    .....        j - amulet of magic regeneration Stlth
                     (no ring)
HPRegen 0.24/turn    (no ring)
MPRegen 0.49/turn

%: no passive effects
@: no status effects
A: sickness immunity, AC +3, negative energy resistance 1, electricity
resistance, torment resistance 1, petrification resistance
a: no special abilities


You were in a sewer.
You visited 1 branch of the dungeon, and saw 3 of its levels.
You also visited: Sewer.

You collected 100 gold pieces.

Inventory:

Hand Weapons
 a - a +0 war axe (weapon)
Armour
 b - a +0 scale mail (worn)
 c - a +0 buckler (worn)
 e - a scarf of shadows (worn)
Jewellery
 j - an amulet of magic regeneration (around neck)
 n - a ring of positive energy
Scrolls
 h - a scroll of brand weapon {unknown}
 i - 7 scrolls of identify {unknown}
 k - a scroll of teleportation {unknown}
 m - a scroll of fog {unknown}
Potions
 d - a potion of might
 f - 2 potions of heal wounds {unknown}
 g - a potion of berserk rage {unknown}
 l - 2 potions of curing {unknown}


   Skills:
 + Level 3.7 Fighting
 * Level 2.8 Axes
 + Level 3.8 Armour
 * Level 4.3 Shields


You had 3 spell levels left.
You didn't know any spells.
Your spell library contained the following spells:

 Spells                   Type           Power      Damage    Failure   Level
 Tukima's Dance           Hex            0%         N/A       99%         3
 Dimensional Bullseye     Hex/Tloc       0%         N/A       100%        4
 Iskenderun's Mystic Bla  Conj/Tloc      0%         2d3       100%        4
 Summon Forest            Summ/Tloc      0%         N/A       100%        5
 Summon Mana Viper        Hex/Summ       0%         N/A       100%        5
 Summon Cactus Giant      Summ           0%         N/A       100%        6


Dungeon Overview and Level Annotations

Branches:
Dungeon (3/15)              Sewer (1/1)

Altars:


Innate Abilities, Weirdness & Mutations

You are immune to sickness and miasma.
Your stone body is resilient. (AC +3)
You are immune to poison.
You resist negative energy. (rN+)
You are resistant to electric shocks. (rElec)
You are resistant to unholy torment.
You are immune to petrification.


Message History

HP restored.
You open the door.
A hell rat comes into view.
The hell rat roars deafeningly!
Found six items.
Found a gate leading back out of this place.
A hell rat is nearby!
A hell rat is nearby!
You closely miss the hell rat. The hell rat bites you.
The hell rat barely misses you.
You hit the hell rat.
The hell rat is moderately wounded.
The hell rat bites you! You block the hell rat's attack.
You barely miss the hell rat.
The hell rat is moderately wounded.
You block the hell rat's attack.
You hit the hell rat.
The hell rat is heavily wounded.
The hell rat barely misses you. The hell rat bites you.
You are too injured to fight recklessly!
You are too injured to fight recklessly!
You are too injured to fight recklessly!
You closely miss the hell rat.
The hell rat is heavily wounded.
The hell rat bites you.
* * * LOW HITPOINT WARNING * * *
The hell rat barely misses you.
You hit the hell rat but do no damage.
The hell rat is heavily wounded.
The hell rat bites you but does no damage.
You hit the hell rat.
The hell rat is heavily wounded.
The hell rat barely misses you.
The hell rat bites you but does no damage.
You closely miss the hell rat.
The hell rat is heavily wounded.
The hell rat bites you.
* * * LOW HITPOINT WARNING * * *
The hell rat bites you.
You die...

###~~.###
#...~...#
##~~~†~~.##
#~~.###...#
##.~## ##†~##
#~~.#~~ #.~.#
#.~##?~~##.~#
#~.#![~~~#~.#
#∩∩#∩?~~~r@†#
#~.#??~~~#†~#
#..##!.~ #~~#
#~~~#~~ .~.#
##~~## #..##
#~~~ .~.#
#~~~ ~..##
.~~


You could see a hell rat.

Vanquished Creatures
  2 adders (D:2)
  3 river rats
  A dart slug (D:2)
  A ball python (D:2)
  7 bats
  3 endoplasms
  3 giant cockroaches
  3 goblins
  4 hobgoblins
  2 kobolds (D:2)
  4 quokkas
  3 frilled lizards (D:2)
  16 rats
52 creatures vanquished.

Notes
Turn   | Place    | Note
-------+----------+-------------------------------------------
     0 | D:1      | PoweredByGinger the Gargoyle Fighter began the quest for
                  | the Orb.
     0 | D:1      | Reached XP level 1. HP: 14/14 MP: 1/1
   384 | D:1      | Reached XP level 2. HP: 19/19 MP: 2/2
  1025 | D:2      | Reached XP level 3. HP: 20/23 MP: 3/3
  1480 | D:2      | Identified the +0 pair of gloves of the Wasteland {rC+}
  1670 | D:2      | Reached skill level 4 in Shields
  1670 | D:2      | Reached XP level 4. HP: 29/29 MP: 4/4
  2000 | D:3      | Found a glowing drain.
  2068 | Sewer    | Entered a sewer
  2260 | Sewer    | Slain by a hell rat

Illustrated notes

Levels and vault maps discovered:
D:1:      wander_arrival_abandoned_jail, layout_loops_cross
D:2:      layout_loops_corners, serial_forest, infiniplex_forest_end_3,
          infiniplex_forest_end_2, infiniplex_forest_lined_room_2,
          infiniplex_forest_clump_small, infiniplex_forest_clump_curved,
          infiniplex_forest_end_3, grunt_ministairs_13
D:3:      layout_loops_ring, portal_sewer_entry_b, minivault_14,
          wander_ebering_terrifying_dragon_lair
Sewer:    sewer_hellmonk_bad_rat

Skill      XL: |  1  2  3 |
---------------+----------+-----
Axes           | 2 |  2.8
Shields        | 4 |  4.3
Fighting       | |  3.7
Armour         | |  3.8

Action                     |  1- 3 |  4- 6 || total
---------------------------+-------+-------++-------
  Melee: War axe           |    98 |    62 ||   160
 Armour: Scale mail        |    70 |    40 ||   110
  Dodge: Dodged            |    59 |    24 ||    83
  Block: Buckler           |    20 |    10 ||    30

Table legend: (Time is in decaauts)
 A = Elapsed time spent in this place.
 B = Non-inter-level travel time spent in this place.
 C = Inter-level travel time spent in this place.
 D = Time resting spent in this place.
 E = Time spent auto-exploring this place.
 F = Levels seen in this place.
 G = Mean time per level.
                   A        B        C        D        E       F      G
               +--------+--------+--------+--------+--------+-----+--------+
         Total |   2332 |   2197 |    135 |    314 |   1452 |   4 |  583.0 |
       Dungeon |   2119 |   1984 |    135 |    193 |   1440 |   3 |  706.3 |
         Sewer |    213 |    213 |      0 |    121 |     12 |   1 |  213.0 |
               +--------+--------+--------+--------+--------+-----+--------+

Top non-repeatable levels by time:
     D:2: 1145 daAuts
     D:1: 860 daAuts
   Sewer: 213 daAuts
     D:3: 113 daAuts
